[Event "*** Titled Tuesday 3|2 Blitz"]
[Site "Chess.com"]
[Date "2016.01.05"]
[Round "3"]
[White "AlexanderL"]
[Black "gumersindo"]
[Result "1-0"]
[WhiteElo "2542"]
[BlackElo "2284"]
[TimeControl "180+2"]
[EndTime "11:37:33 PST"]
[Termination "AlexanderL won by resignation"]

1. d4 d5 2. Bf4 Nf6 3. e3 e6 4.
Nf3 c5 5. c3 Nc6 6. Nbd2 Bd6 7.
Bg3 O-O 8. Bd3 b6 9. e4 dxe4 10. Nxe4 Nxe4 11. Bxe4 Bb7 12. dxc5 Bxc5 13. Qe2 Qe7 14.
O-O Rad8 15. a4 a5 16. Rfe1 Bd6 17. Bh4 f6 18. Qc4 Rc8 19. Qb3 Bc5 20. Bf5 Nd8 21. Rxe6 Nxe6 22. Bxe6+ Kh8 23. Bxc8 Bxf3 24. Bh3 Bc6 25.
Qe6 Qb7 26. Qe2 Re8 27. Qc2 Qe7 28. Qd1 Bxa4 29. Qc1 Bc6 30. Bg3 Qf7 31. Bg4 f5 32. Bf3 Bxf3 33. gxf3 Qd5 34. Qd1 Qxd1+ 35. Rxd1 h6 36.
Kf1 Kh7 37. Rd7 Re6 38. b3 Kg6 39. Bf4 Re7 40. Rd5 Re6 41. h4 Kf6 42. h5 Rc6 43.
c4 Re6 44. Bd2 g5 45. Bc3+ Kf7 46. Rxf5+ Ke7 47. Bg7 Kd7 48. Rf7+ Kc6 49. f4 gxf4 50. Rxf4 Rd6 51. Rf6 Rxf6 52. Bxf6 b5 53. cxb5+ Kxb5 54. Bg7 Kb4 55. Bxh6 Bd4 56. Bd2+ Kxb3 57. Bxa5 Kc4 58. Ke2 Kd5 59. Kf3 Ke5 60. Bd2 Kf5 61. Kg3 Be5+ 62.
Kh3 Bf6 63. f3 Be5 64. Kh4 Bf6+ 65. Kg3 Be5+ 66. Kh3 Bf6 67. h6 Kg6 68. Kg4 Be7 69. Kg3 Bd6+ 70. Kf2 Bf8 71. Kg3 Bd6+ 72. Kg4 Bf8 73.
Bg5 Bd6 74. f4 Bf8 75. f5+ Kf7 76. Be3 Kg8 77. Kg5 Kh7 78. Kf6 Bb4 79. Ke6 Bf8 80. f6 Kg6 81. f7 Bb4 82. Bf4 Ba3 83. h7 Kxh7 84. Bd6 1-0

[Event "*** Titled Tuesday 3|2 Blitz"]
[Site "Chess.com"]
[Date "2016.01.05"]
[Round "3"]
[White "cool64chess"]
[Black "alex_zapata"]
[Result "1-0"]
[WhiteElo "2226"]
[BlackElo "2207"]
[TimeControl "180+2"]
[EndTime "11:38:01 PST"]
[Termination "cool64chess won by resignation"]

1. d4 d5 2. c4 Nf6 3. cxd5 Nxd5 4. e4 Nf6 5. Nc3 e5 6. Nf3 exd4 7. Qxd4 Qxd4 8. Nxd4 Bc5 9. Nb3 Bb4 10. f3 O-O 11. Bd2 Nc6 12. a3 Be6 13. Nc1 Nd4 14. Bd3 Bc5 15.
b4 Bb6 16. N1e2 Nb3 17. Rd1 Rfd8 18. Bc2 Nxd2 19. Rxd2 Be3 20. Rd3 Rxd3 21. Bxd3 Rd8 22. Bc2 Rd2 23. Nd1 Rxc2 24. Nxe3 Ra2 25. Kf2 Rxa3 26.
Rc1 c6 27. b5 cxb5 28. Nd4 b4 29. Rc7 Ra2+ 30. Kg1 h6 31. Rxb7 a5 32. Nxe6 fxe6 33. Rb5 Ne8 34. Nc4 Nc7 35. Rxa5 b3 36. Rc5 Na6 37.
Rc8+ Kf7 38. Rc6 Nb4 39. Rb6 b2 40. Rxb4 Ra1+ 41. Kf2 b1=Q 42. Rxb1 Rxb1 43. Ke3 Rg1 44. g4 Rh1 45. Kf4 Rxh2 46. Ke5 Ra2 47. f4 Ra4 48.
Nd6+ Ke7 49. Nc8+ Kf7 50. Nd6+ Ke7 51. Nc8+ Kd8 52. Nd6 Ra6 53. Kxe6 Ra7 54. e5 Ra4 55. Kf5 Ke7 56. g5 h5 57. Ne4 h4 58. Nf2 Ra3 59. Kg4 Rg3+ 60. Kxh4 Rf3 61. Nh3 Ke6 62. Kg4 Rf1 63.
g6 Kd5 64. Kf5 Rf3 65. Ng5 Rf1 66. e6 Re1 67. Kg4 Kd6 68. f5 Ke7 69. Kf4 Kf6 70.
Nh7+ Ke7 71. Ng5 Rf1+ 72. Nf3 Kf6 73. Ke4 Rf2 74. Nd4 Rf1 75. Kd5 Rd1 76. Kc5 Rc1+ 77. Kd6 Rd1 78. Kd5 Re1 79. Kc6 Rc1+ 80. Kd5 Re1 81.
Kd6 Rd1 82. Kd5 Rd2 83. Ke4 Rd1 84. Nf3 Ra1 85. Nd4 Re1+ 86. Kd5 Rd1 87. Kc5 Rc1+ 88.
Kd6 Rd1 89. Kd5 Rd2 90. Ke4 Rd1 91. Ne2 Re1 92. Kf3 Kxf5 93. e7 1-0

[Event "*** Titled Tuesday 3|2 Blitz"]
[Site "Chess.com"]
[Date "2016.01.05"]
[Round "3"]
[White "oskariot"]
[Black "Colombiano07"]
[Result "0-1"]
[WhiteElo "2329"]
[BlackElo "2157"]
[TimeControl "180+2"]
[EndTime "11:38:08 PST"]
[Termination "Colombiano07 won by resignation"]

1. e4 c5 2. Nf3 Nc6 3. d4 cxd4 4. Nxd4 Nf6 5. Nc3 d6 6. g3 Bd7 7.
Bg2 g6 8. Nde2 Bg7 9. O-O O-O 10. b3 Rc8 11. Bb2 a6 12. Rb1 b5 13. Nd5 Ne8 14.
Bxg7 Kxg7 15. c3 Bg4 16. f3 Bd7 17. Kh1 e6 18. Ne3 Ne7 19. Qd2 h5 20. f4 f5 21.
exf5 gxf5 22. Nd4 Rh8 23. Rbe1 Rh6 24. Bb7 Rb8 25. Bf3 Nf6 26. Ng2 Qc8 27. Nh4 d5 28. Re5 Ne4 29. Bxe4 dxe4 30. Rd1 Rb7 31. Ng2 Ng6 32.
Qe3 h4 33. Nxh4 Nxh4 34. gxh4 Rxh4 35. Rg1+ Kh8 36. Qg3 Rh7 37. Qg5 Qf8 38. Rc5 e3 39. Rg3 Rg7 40. Qxg7+ Qxg7 41. Rxg7 Kxg7 42. Re5 Kf6 43. Rxe3 Bc8 44. Kg2 Rg7+ 45. Rg3 Rh7 46. h3 Bb7+ 47. Kf2 Be4 48. Ke3 Rc7 49. Kd2 b4 50. cxb4 Rd7 51. Kc3 Rc7+ 52. Kb2 Rd7 53. Kc3 e5 54. Ne2 Rc7+ 55. Kd2 Rc2+ 56. Ke3 Rxa2 57.
fxe5+ Kxe5 58. Rg6 Rb2 59. Rxa6 Rxb3+ 60. Kf2 Rxh3 61. Ra5+ Kf6 62. b5 Rb3 63. Nd4 Rb4 64. Ke3 Rb1 65. Ra6+ Ke5 66. Nf3+ Kd5 67. b6 Rb3+ 68. Kd2 Bxf3 69. Ra5+ Ke6 70. Ra6 Bb7 71. Ra5 Rxb6 72. Ke3 Be4 73. Kf4 Kf6 74. Rc5 Rb4 75. Ra5 Bd5+ 76. Ke3 f4+ 77. Kf2 Ke5 78. Ke2 Rb2+ 79. Kd3 f3 80. Ke3 f2 81. Ra1 Bc4 82. Ra5+ Bb5 83. Ra7 Re2+ 0-1

[Event "*** Titled Tuesday 3|2 Blitz"]
[Site "Chess.com"]
[Date "2016.01.05"]
[Round "3"]
[White "Matibar"]
[Black "pKiLz5Rn9b"]
[Result "1/2-1/2"]
[WhiteElo "2392"]
[BlackElo "2351"]
[TimeControl "180+2"]
[EndTime "11:38:54 PST"]
[Termination "Game drawn - insufficient material"]

1. e4 e6 2. d4 d5 3. Nc3 Nf6 4. Bg5 Be7 5. e5 Nfd7 6. Bxe7 Qxe7 7. Qg4 O-O 8. Nf3 c5 9. Nb5 Nc6 10. O-O-O f5 11. Qf4 cxd4 12. Nbxd4 Nc5 13. g4 fxg4 14. Qxg4 Ne4 15. Rg1 Nxf2 16. Qh5 Qf7 17. Qxf7+ Rxf7 18. Rd2 Ne4 19. Rdg2 Nxd4 20. Nxd4 Bd7 21. Bd3 Nc5 22. Be2 Raf8 23. Kd2 g6 24. c3 Rf4 25. Rg4 Rxg4 26. Rxg4 Rf2 27. h4 Rh2 28. Rf4 Ne4+ 29. Ke3 Ng3 30.
c4 Nxe2 31. Nxe2 dxc4 32. Nc3 Bc6 33. Rxc4 Rxb2 34. Rf4 Rc2 35. Kd3 Rh2 36. Kd4 Kg7 37.
Kc5 Rc2 38. Kd4 Rd2+ 39. Ke3 Rh2 40. Kd4 h6 41. Rg4 Rg2 42. Rf4 b6 43. Rf6 Rg4+ 44. Ke3 Bd7 45. Ne4 Rxh4 46. Nd6 Rh3+ 47. Kf2 Bc6 48. Rxe6 Rf3+ 49. Ke2 Ra3 50. Re7+ Kf8 51. Rf7+ Kg8 52. Rf6 Rxa2+ 53. Ke3 Ra3+ 54. Kd4 Ra4+ 55. Kc3 Kg7 56. Rf7+ Kg8 57. Rf6 g5 58. Nf5 Bd7 59.
e6 Bxe6 60. Rxe6 g4 61. Rxh6 Kf7 62. Kd3 Rf4 63. Ne3 Kg7 64. Rh1 Kg6 65. Rh8 a5 66. Rg8+ Kh5 67. Rb8 Rf6 68. Ke4 Re6+ 69. Kf4 g3 70. Nf5 Kg6 71. Rg8+ Kf6 72. Rxg3 Rc6 73. Ke4 Re6+ 74. Kf4 Rc6 75. Ne3 Rc5 76. Ke4 a4 77. Nd5+ Ke6 78. Rg6+ Kf7 79. Rxb6 Ra5 80. Ke5 a3 81.
Rb7+ Kg6 82. Rb1 Kg5 83. Ra1 Kg4 84. Ke4 Ra4+ 85. Kd3 Kf3 86. Nc3 Ra8 87. Rf1+ Kg2 88. Ra1 Kf2 89. Kc2 Ke3 90. Kb3 Rb8+ 91. Ka2 Kd3 92.
Na4 Kc2 93. Rh1 Rd8 94. Kxa3 Rd3+ 95. Ka2 Rd4 96. Nb2 Rd8 97. Rh2+ Kc3 98. Kb1 Rg8 99. Rc2+ Kb3 100. Rc1 Rg2 101. Nd1 Rd2 102. Rc3+ Kb4 103. Rc1 Kb3 104. Rc3+ Kb4 105. Kc1 Rxd1+ 106. Kxd1 Kxc3 1/2-1/2

[Event "*** Titled Tuesday 3|2 Blitz"]
[Site "Chess.com"]
[Date "2016.01.05"]
[Round "3"]
[White "Keranke"]
[Black "Lupul_Cenusiu"]
[Result "1/2-1/2"]
[WhiteElo "2605"]
[BlackElo "2379"]
[TimeControl "180+2"]
[EndTime "11:39:12 PST"]
[Termination "Game drawn by agreement"]

1. d4 Nf6 2. Nf3 d6 3. Bg5 Nbd7 4. Nbd2 g6 5. e3 Bg7 6. h3 c5 7. c3 O-O 8. Be2 b6 9. a4 a6 10. O-O Bb7 11. Re1 Re8 12. Qb3 Qc7 13. Bc4 d5 14. Bf1 e6 15. Bf4 Qd8 16. Rad1 c4 17. Qa2 b5 18. Ne5 Nxe5 19. Bxe5 Nd7 20. Bxg7 Kxg7 21. e4 dxe4 22. Nxe4 Bxe4 23. Rxe4 Nb6 24. axb5 axb5 25.
Qb1 Nd5 26. h4 h5 27. g3 Ra7 28. Re5 Qd7 29. Bg2 Nf6 30. Rde1 Rd8 31. Rc5 Ra6 32. Ree5 Ng4 33. Re1 Nf6 34. b3 Ra3 35. bxc4 Rxc3 36. cxb5 Qxd4 37. Rxc3 Qxc3 38. b6 Rb8 39. b7 Nd5 40.
Rc1 Rxb7 41. Qc2 Qxc2 42. Rxc2 Rb1+ 43. Kh2 Nf6 44. Bf3 Re1 45. Kg2 e5 46. Be2 e4 47. Rd2 Rc1 48. Rd4 Rc2 49. Kf1 Rc3 50. Kg2 Kf8 51. Ra4 Rc2 52. Kf1 Rc1+ 53. Kg2 Rc5 54. Bc4 Rf5 55. Be2 Rd5 56. Bc4 Rd4 57. Ra8+ Kg7 58. Rc8 Nd7 59. Rc7 Ne5 60. Be2 Rd2 61. Kf1 Nf3 62. Rc3 Nd4 63. Bc4 Rd1+ 64. Kg2 Nf3 65. Be2 Rg1+ 66. Kh3 Nd4 67. Bc4 Re1 68.
Kg2 f5 69. Ra3 Nf3 70. Ra7+ Kf6 71. Ra6+ Ke5 72. Rxg6 Rg1+ 73. Kh3 Rc1 74. Bf7 Rh1+ 75. Kg2 Rh2+ 76. Kf1 f4 77. Re6+ Kf5 78. gxf4 Kxf4 79.
Bxh5 Rh1+ 80. Kg2 Rh2+ 81. Kf1 Rxh4 82. Bxf3 exf3 83. Kg1 Rg4+ 84. Kf1 Rg8 85. Ra6 Re8 86. Ra4+ Re4 87. Ra8 Rb4 88. Kg1 Rb1+ 89. Kh2 Rf1 90. Ra4+ Kf5 91. Kg3 Rb1 92. Kxf3 Rb3+ 93. Kg2 Rc3 94.
f3 Rc1 95. Kg3 Rg1+ 96. Kf2 Rb1 97. Ra8 Kf4 98. Rf8+ Kg5 99. Ke3 Rb3+ 100. Kf2 Rb1 101. Re8 Kf4 102. Re4+ Kf5 103. Rd4 Ra1 104. Rd2 Rb1 105. Kg3 Rg1+ 1/2-1/2

[Event "*** Titled Tuesday 3|2 Blitz"]
[Site "Chess.com"]
[Date "2016.01.05"]
[Round "4"]
[White "MapleDanish"]
[Black "the_drake"]
[Result "0-1"]
[WhiteElo "2066"]
[BlackElo "2018"]
[TimeControl "180+2"]
[EndTime "11:40:59 PST"]
[Termination "the_drake won by resignation"]

1. c4 e5 2. g3 Nf6 3. Bg2 Nc6 4.
Nc3 Bb4 5. Nd5 Bc5 6. e3 O-O 7. Ne2 e4 8. Nxf6+ Qxf6 9. Bxe4 Re8 10. Bg2 Ne5 11. d4 Bb4+ 12. Bd2 Nd3+ 0-1

[Event "*** Titled Tuesday 3|2 Blitz"]
[Site "Chess.com"]
[Date "2016.01.05"]
[Round "4"]
[White "alturas_pacificas"]
[Black "chess960now"]
[Result "1-0"]
[WhiteElo "2094"]
[BlackElo "1970"]
[TimeControl "180+2"]
[EndTime "11:42:14 PST"]
[Termination "alturas_pacificas won by resignation"]

1. d4 d5 2. Bf4 Nf6 3. e3 c5 4. c3 Nc6 5. Nd2 Bf5 6. Ngf3 e6 7. Qb3 Qb6 8. Be2 c4 9. Qxb6 axb6 10. a3 b5 11. Rc1 b4 12. cxb4 b5 13. h3 h6 14.
O-O Be7 15. Nb1 O-O 16. Nc3 Rfb8 17. Bxb8 1-0

[Event "*** Titled Tuesday 3|2 Blitz"]
[Site "Chess.com"]
[Date "2016.01.05"]
[Round "4"]
[White "PowerThinking2650"]
[Black "nonsopolo1"]
[Result "1/2-1/2"]
[WhiteElo "2064"]
[BlackElo "2062"]
[TimeControl "180+2"]
[EndTime "11:42:42 PST"]
[Termination "Game drawn by repetition"]

1. e4 d5 2. exd5 Qxd5 3. Nf3 Nf6 4. d4 Bg4 5. Be2 e6 6. O-O Bd6 7. c4 Qh5 8. h3 Bxh3 9. gxh3 Qxh3 10. c5 Qg4+ 11.
Kh1 Qh3+ 12. Kg1 Qg4+ 13. Kh1 Qh3+ 14. Kg1 Qg4+ 15. Kh1 Qh3+ 16. Kg1 Qg4+ 17. Kh1 Qh3+ 18. Kg1 1/2-1/2

[Event "*** Titled Tuesday 3|2 Blitz"]
[Site "Chess.com"]
[Date "2016.01.05"]
[Round "4"]
[White "Gabrielian_Artur"]
[Black "Iball95"]
[Result "1-0"]
[WhiteElo "2474"]
[BlackElo "2392"]
[TimeControl "180+2"]
[EndTime "11:42:45 PST"]
[Termination "Gabrielian_Artur won by resignation"]

1. e4 e5 2. Nf3 Nc6 3. Bc4 Bc5 4. d3 Nf6 5. Bg5 d6 6. c3 h6 7. Bh4 g5 8. Bg3 a6 9. b4 Ba7 10. Qb3 Qe7 11. Nbd2 Nh5 12. a4 Be6 13. a5 Nd8 14.
O-O c6 15. d4 f6 16. Kh1 Kf7 17. Rad1 Nf4 18. Bxf4 gxf4 19. Nh4 Kf8 20. Ng6+ 1-0

[Event "*** Titled Tuesday 3|2 Blitz"]
[Site "Chess.com"]
[Date "2016.01.05"]
[Round "4"]
[White "AndroQueen"]
[Black "chorejason"]
[Result "1-0"]
[WhiteElo "2453"]
[BlackElo "1884"]
[TimeControl "180+2"]
[EndTime "11:43:01 PST"]
[Termination "AndroQueen won by resignation"]

1. e4 c5 2. Nf3 d6 3. d4 cxd4 4.
Nxd4 Nf6 5. Nc3 g6 6. Be3 Bg7 7. h3 O-O 8. Qd2 Nc6 9. O-O-O d5 10. exd5 Nxd5 11. Nxc6 bxc6 12. Nxd5 cxd5 13. Qxd5 Qc7 14. Qxa8 Bf5 15. Qxf8+ Bxf8 16. Bd3 e5 17. Bxf5 gxf5 18.
g3 Qa5 19. Kb1 Bc5 20. Rd5 1-0

[Event "*** Titled Tuesday 3|2 Blitz"]
[Site "Chess.com"]
[Date "2016.01.05"]
[Round "4"]
[White "northridgehawk"]
[Black "AnimationDomination"]
[Result "1-0"]
[WhiteElo "1783"]
[BlackElo "1712"]
[TimeControl "180+2"]
[EndTime "11:43:29 PST"]
[Termination "northridgehawk won by resignation"]

1. e4 c5 2. Nf3 d6 3. d4 cxd4 4. Nxd4 Nf6 5. Nc3 a6 6. h3 e5 7.
Nde2 Be6 8. g4 Nc6 9. Bg2 Qc7 10. a4 Be7 11. O-O O-O 12. Ng3 Nd4 13. Be3 Bc4 14. Re1 Ne6 15. Nd5 Nxd5 16. exd5 Nf4 17. b3 Bxd5 18.
Bxd5 Nxd5 19. Qxd5 Qc6 20. Qxc6 bxc6 21. Rad1 d5 22. Nf5 Bf6 23. Bc5 Rfd8 24. Be7 Bxe7 25.
Nxe7+ Kf8 26. Nxc6 Rd6 27. Nxe5 1-0

[Event "*** Titled Tuesday 3|2 Blitz"]
[Site "Chess.com"]
[Date "2016.01.05"]
[Round "4"]
[White "AndrewMcStone"]
[Black "BjarkeSahl"]
[Result "1/2-1/2"]
[WhiteElo "1986"]
[BlackElo "2118"]
[TimeControl "180+2"]
[EndTime "11:43:30 PST"]
[Termination "Game drawn by agreement"]

1. d4 d5 2. c4 e6 3. Nc3 Nf6 4.
cxd5 Nxd5 5. e4 Nxc3 6. bxc3 c5 7. a3 cxd4 8. cxd4 Be7 9. Nf3 O-O 10. Bd3 Nc6 11.
Bb2 Bd7 12. O-O Rc8 13. Qe2 Be8 14. Rad1 f6 15. d5 exd5 16. exd5 Na5 17. Rfe1 Bd6 18. Qe4 Bg6 19. Qe6+ Bf7 20. Qe4 Bg6 21. Qe6+ Bf7 22. Qe4 1/2-1/2

[Event "*** Titled Tuesday 3|2 Blitz"]
[Site "Chess.com"]
[Date "2016.01.05"]
[Round "4"]
[White "jbj"]
[Black "ZEN-22"]
[Result "1-0"]
[WhiteElo "2306"]
[BlackElo "2403"]
[TimeControl "180+2"]
[EndTime "11:43:41 PST"]
[Termination "jbj won by checkmate"]

1. e4 c5 2. d4 cxd4 3. c3 d5 4. exd5 Qxd5 5. cxd4 Nf6 6. Nc3 Qa5 7. Nf3 Bg4 8. h3 Bxf3 9. Qxf3 Nc6 10. Bb5 Rc8 11. d5 a6 12. dxc6 axb5 13. cxb7 Rb8 14. Bf4 Rxb7 15.
Qxb7 e5 16. Bxe5 b4 17. Qc8+ Ke7 18. Bxf6+ Kxf6 19. Ne4+ Ke5 20. Qe8+ Kf5 21. Ng3+ Kg6 22. Qe4+ f5 23. Qe6+ Kg5 24. h4+ Kg4 25. Qe2+ Kf4 26.
Qe3+ Kg4 27. Qf3# 1-0

[Event "*** Titled Tuesday 3|2 Blitz"]
[Site "Chess.com"]
[Date "2016.01.05"]
[Round "4"]
[White "Rating-Schmating"]
[Black "RitchieBlackmore"]
[Result "0-1"]
[WhiteElo "2124"]
[BlackElo "2417"]
[TimeControl "180+2"]
[EndTime "11:43:51 PST"]
[Termination "RitchieBlackmore won by resignation"]

1. e4 c5 2. Nf3 g6 3. d4 cxd4 4. Nxd4 Bg7 5. Nc3 d6 6. Be3 Nf6 7. Be2 O-O 8. O-O Nc6 9. Qd2 Ng4 10. Nxc6 bxc6 11. Bf4 Rb8 12. Rab1 c5 13. h3 Ne5 14.
Be3 Nc6 15. Rfd1 Nd4 16. Bd3 Bxh3 17. Bxd4 cxd4 18. Ne2 Bg4 19. f3 Bd7 20. Bc4 Qb6 21. Kf1 Qc5 22. Bb3 e5 23. c3 Bb5 24. cxd4 exd4 25.
Rbc1 Qh5 26. Kg1 d3 27. Ng3 Bd4+ 28. Kf1 Qh2 0-1

[Event "*** Titled Tuesday 3|2 Blitz"]
[Site "Chess.com"]
[Date "2016.01.05"]
[Round "4"]
[White "maciek_92"]
[Black "Jahonas"]
[Result "1-0"]
[WhiteElo "2317"]
[BlackElo "2121"]
[TimeControl "180+2"]
[EndTime "11:44:10 PST"]
[Termination "maciek_92 won by checkmate"]

1. e4 c6 2. d4 d5 3. Nc3 dxe4 4. Nxe4 Nf6 5. Nxf6+ exf6 6. c3 Bd6 7. Bd3 Be6 8.
Qc2 g6 9. Ne2 Nd7 10. Nf4 Nf8 11. O-O Qc7 12. g3 O-O-O 13. b4 h5 14. a4 Kb8 15. b5 g5 16. Nxe6 Nxe6 17. bxc6 Qxc6 18. Be4 Qc7 19. Rb1 b6 20. a5 h4 21. axb6 axb6 22. Qa4 Qa7 23. Qc6 Bc7 24. Ra1 Rd6 25. Qa8+ Qxa8 26.
Rxa8# 1-0

[Event "*** Titled Tuesday 3|2 Blitz"]
[Site "Chess.com"]
[Date "2016.01.05"]
[Round "4"]
[White "Vorenus_Lucius"]
[Black "Quinten94"]
[Result "1-0"]
[WhiteElo "2494"]
[BlackElo "2304"]
[TimeControl "180+2"]
[EndTime "11:45:26 PST"]
[Termination "Vorenus_Lucius won by resignation"]

1. d4 d5 2. c4 c6 3. Nf3 Nf6 4. e3 Bf5 5. Nc3 e6 6. Nh4 Be4 7. f3 Bg6 8. Nxg6 hxg6 9. g3 Be7 10. Kf2 Qc7 11. Kg2 O-O 12. Bd2 c5 13. cxd5 exd5 14. Rc1 Nc6 15. dxc5 Rad8 16. Nb5 Qe5 17. Qc2 a6 18.
Na3 d4 19. e4 d3 20. Qc3 Qxc3 21. Rxc3 Nb4 22. Nb1 a5 23. a3 Na6 24. Bxd3 Nxc5 25. Bc4 Nfxe4 26. fxe4 Nxe4 27. Rc2 1-0

[Event "*** Titled Tuesday 3|2 Blitz"]
[Site "Chess.com"]
[Date "2016.01.05"]
[Round "4"]
[White "Hollywood_Chess"]
[Black "APL2001"]
[Result "1-0"]
[WhiteElo "2114"]
[BlackElo "1994"]
[TimeControl "180+2"]
[EndTime "11:45:41 PST"]
[Termination "Hollywood_Chess won by resignation"]

1. e4 e5 2. Nf3 Nc6 3. d4 exd4 4. Bc4 Nf6 5. e5 d5 6. Bb5 Ne4 7. Nxd4 Bd7 8. Bxc6 bxc6 9. O-O Be7 10. f3 Nc5 11. f4 Ne4 12. Nc3 Nxc3 13. bxc3 c5 14. Nb3 Be6 15. Be3 c4 16. Nd4 c5 17.
Nc6 Qc7 18. Nxe7 Kxe7 19. f5 d4 20. fxe6 Qxe5 21. Bf4 Qd5 22. exf7 Kxf7 23. cxd4 Rhe8 24. dxc5 Qxd1 25. Raxd1 Rac8 26. Rd7+ Kg8 27. Bd6 a5 28. Rff7 1-0

[Event "*** Titled Tuesday 3|2 Blitz"]
[Site "Chess.com"]
[Date "2016.01.05"]
[Round "4"]
[White "rdclayton"]
[Black "LyonBeast"]
[Result "0-1"]
[WhiteElo "2117"]
[BlackElo "2783"]
[TimeControl "180+2"]
[EndTime "11:45:51 PST"]
[Termination "LyonBeast won by resignation"]

1. d4 g6 2. c4 Nf6 3. Nc3 d5 4. Nf3 Bg7 5. Qb3 dxc4 6. Qxc4 O-O 7. e4 Nc6 8. d5 Na5 9. Qb4 c6 10. Bg5 cxd5 11. Rd1 Nc6 12. Qa4 Bd7 13. exd5 Ne5 14. Qf4 Nh5 15. Qe3 Ng4 16. Qd2 h6 17. Bh4 g5 18.
Bg3 f5 19. h3 Nxg3 20. fxg3 Ne5 21. Be2 Qb6 22. h4 Ng4 23. Nd4 gxh4 24. Rxh4 Rac8 25.
Bxg4 fxg4 26. Rxh6 Bxh6 27. Qxh6 0-1

[Event "*** Titled Tuesday 3|2 Blitz"]
[Site "Chess.com"]
[Date "2016.01.05"]
[Round "4"]
[White "kikydu96"]
[Black "Er_is_geen_hoop_meer"]
[Result "0-1"]
[WhiteElo "2232"]
[BlackElo "2320"]
[TimeControl "180+2"]
[EndTime "11:46:01 PST"]
[Termination "Er_is_geen_hoop_meer won by resignation"]

1. e4 c5 2. c3 Nf6 3. e5 Nd5 4. d4 cxd4 5. Nf3 e6 6. cxd4 d6 7. Bc4 Be7 8. O-O O-O 9. Qe2 b6 10. Nc3 Nxc3 11. bxc3 Qc7 12. Bd2 Nd7 13. Bd3 Bb7 14.
exd6 Bxd6 15. h3 e5 16. Ng5 h6 17. Ne4 exd4 18. cxd4 Bf4 19. Rac1 Qb8 20. Bb4 Re8 21. Rce1 f5 22. Bc4+ Kh7 23. Bb5 Rxe4 24. Qh5 g6 25. Qh4 Bh2+ 26. Kh1 Rxh4 27. Re7+ Kh8 28. Bxd7 Rxh3 29.
Re8+ Qxe8 30. Bxe8 Rxe8 31. f3 Rh5 0-1

[Event "*** Titled Tuesday 3|2 Blitz"]
[Site "Chess.com"]
[Date "2016.01.05"]
[Round "4"]
[White "stepanosinovsky"]
[Black "SmarterChess"]
[Result "1-0"]
[WhiteElo "2228"]
[BlackElo "2128"]
[TimeControl "180+2"]
[EndTime "11:46:04 PST"]
[Termination "stepanosinovsky won by checkmate"]

1. e4 c6 2. d4 d5 3. exd5 cxd5 4.
c3 Nc6 5. Bf4 Nf6 6. Bd3 g6 7.
Nf3 Bg7 8. O-O O-O 9. Re1 Bg4 10. h3 Bf5 11. Bxf5 gxf5 12. Nbd2 e6 13. Kh1 Kh8 14. Rg1 Ne4 15. Qe2 b5 16. g4 fxg4 17.
Rxg4 f5 18. Rg2 b4 19. Rag1 Bf6 20. Nxe4 dxe4 21. Ng5 Qe8 22. Qc4 Bxg5 23. Rxg5 Rc8 24. Qxc6 h6 25. Be5+ Kh7 26. Rg7+ Kh8 27. Rf7# 1-0

[Event "*** Titled Tuesday 3|2 Blitz"]
[Site "Chess.com"]
[Date "2016.01.05"]
[Round "4"]
[White "Dlugy"]
[Black "chessdude"]
[Result "1-0"]
[WhiteElo "2610"]
[BlackElo "2311"]
[TimeControl "180+2"]
[EndTime "11:46:09 PST"]
[Termination "Dlugy won by resignation"]

1. d4 d5 2. Bf4 Nf6 3. e3 c5 4. dxc5 e6 5. b4 a5 6. c3 Be7 7. Nd2 O-O 8. a3 Nc6 9. Ngf3 Re8 10.
Bb5 Nh5 11. O-O Nxf4 12. exf4 Bd7 13. Qe2 Bf6 14. Bxc6 bxc6 15. Ne5 Qc7 16. Ndf3 Bc8 17. Rfe1 Ba6 18. Qd2 Bd8 19. Nd4 Bb7 20. g3 f6 21. Nd3 Qd7 22. Re3 Bc8 23. Rae1 axb4 24. axb4 Bc7 25. Qe2 Ra3 26. Rxe6 Rxe6 27. Nxe6 Qxe6 28.
Qxe6+ Bxe6 29. Rxe6 Rxc3 30. Rxc6 Rxd3 31. Rxc7 Rb3 32.
c6 Rc3 33. b5 d4 34. Rd7 d3 35. Kg2 Kf8 36. Kf3 Ke8 37. Ke3 Rc5 38. Rxg7 Rxb5 39. c7 1-0

[Event "*** Titled Tuesday 3|2 Blitz"]
[Site "Chess.com"]
[Date "2016.01.05"]
[Round "4"]
[White "Grootneus"]
[Black "DaPazz"]
[Result "1-0"]
[WhiteElo "2024"]
[BlackElo "1870"]
[TimeControl "180+2"]
[EndTime "11:46:11 PST"]
[Termination "Grootneus won on time"]

1. e4 c5 2. c3 d5 3. exd5 Qxd5 4. d4 cxd4 5. cxd4 Nc6 6. Nf3 e6 7. Be2 Nf6 8. O-O Bb4 9. a3 Ba5 10. b4 Bb6 11. Nc3 Qd8 12. Be3 Nd5 13. Na4 Bc7 14.
Rc1 O-O 15. Bd3 h6 16. Bb1 Bf4 17. Qd3 g6 18. g3 Bxe3 19. fxe3 Kg7 20. Rxc6 bxc6 21.
Ne5 Qg5 22. Rf3 a5 23. h4 Qh5 24. g4 Qxh4 25. Rxf7+ 1-0

[Event "*** Titled Tuesday 3|2 Blitz"]
[Site "Chess.com"]
[Date "2016.01.05"]
[Round "4"]
[White "THORK"]
[Black "levallem"]
[Result "1-0"]
[WhiteElo "2163"]
[BlackElo "2150"]
[TimeControl "180+2"]
[EndTime "11:46:12 PST"]
[Termination "THORK won by checkmate"]

1. e3 c5 2. a3 d5 3. d4 cxd4 4. exd4 Nf6 5. Nf3 Nc6 6. b4 Bg4 7. b5 Nb8 8. a4 e6 9. h3 Bh5 10. Bd3 Nbd7 11. O-O Rc8 12. Re1 Bd6 13. Bg5 O-O 14.
Nbd2 Bxf3 15. Nxf3 h6 16. Bh4 Rc3 17. Qd2 Qc7 18. Re2 Rc8 19. Rae1 Bf4 20. Qd1 g5 21. Bg3 Bxg3 22. fxg3 Qxg3 23. Ne5 Nxe5 24. dxe5 Nd7 25.
Re3 Qf4 26. g3 Qxa4 27. Qh5 Kg7 28. h4 g4 29. Rf1 Rf8 30. Rf4 Qa1+ 31. Kg2 f5 32.
exf6+ Nxf6 33. Qg6+ Kh8 34. Rxf6 Rxf6 35. Qh7# 1-0

[Event "*** Titled Tuesday 3|2 Blitz"]
[Site "Chess.com"]
[Date "2016.01.05"]
[Round "4"]
[White "TheLancer"]
[Black "Boryboy"]
[Result "1-0"]
[WhiteElo "2399"]
[BlackElo "2499"]
[TimeControl "180+2"]
[EndTime "11:46:32 PST"]
[Termination "TheLancer won by resignation"]

1. e4 e6 2. d4 d5 3. Nc3 Nf6 4. Bg5 dxe4 5. Nxe4 Be7 6. Nxf6+ Bxf6 7. Bxf6 Qxf6 8. Nf3 Nd7 9. Qd2 c5 10. O-O-O cxd4 11. Qxd4 Qxd4 12. Nxd4 a6 13. g3 Rb8 14. Bg2 Nf6 15. Rhe1 O-O 16. Nf3 Bd7 17. Ne5 Rfd8 18. Rd2 Be8 19. Rxd8 Rxd8 20. Bxb7 a5 21. Bf3 Kf8 22.
b3 h5 23. h4 Ke7 24. Nc6+ Bxc6 25. Bxc6 Rc8 26. Bf3 Kd6 27. Kb2 Kc5 28. Bxh5 Rd8 29.
Rd1 Rb8 30. Bxf7 e5 31. Bg6 a4 32. a3 Ng4 33. b4+ Kc6 34. Be4+ Kc7 35. f3 Nf6 36. g4 Nd7 37. Rd5 Nb6 38. Rc5+ Kd7 39.
Bd3 Kd6 40. h5 Rf8 41. Be4 Rb8 42. c4 Nd7 43. Rd5+ Ke7 44. c5 Ke6 45. Rd6+ Ke7 46. Bf5 Nxc5 47. Rd5 Nb3 48. Rxe5+ Kd6 49. Re6+ Kd5 50.
Rg6 Nd4 51. Be4+ Ke5 52. Rxg7 Rc8 53. h6 Ne6 54. Re7 Kf6 55. Rxe6+ Kxe6 56. Bf5+ 1-0

[Event "*** Titled Tuesday 3|2 Blitz"]
[Site "Chess.com"]
[Date "2016.01.05"]
[Round "4"]
[White "Krutoy123"]
[Black "cool64chess"]
[Result "1-0"]
[WhiteElo "2345"]
[BlackElo "2220"]
[TimeControl "180+2"]
[EndTime "11:46:38 PST"]
[Termination "Krutoy123 won by resignation"]

1. Nf3 d5 2. g3 Nf6 3. Bg2 e6 4. O-O Bd6 5. d3 O-O 6. Nbd2 Nbd7 7. e4 dxe4 8. dxe4 e5 9. c3 c6 10. Qc2 Qe7 11. a4 a5 12. Nc4 Bc7 13. Re1 b6 14.
Bg5 h6 15. Be3 Ba6 16. Ncd2 Rfd8 17. Bf1 Bxf1 18. Nxf1 Nc5 19. Bxc5 Qxc5 20. Nh4 g6 21. Ne3 Kg7 22. Qc1 Ng8 23. Kg2 Rd3 24. Re2 Bd8 25.
Nf3 Bf6 26. Ne1 Rd7 27. N1c2 Rad8 28. Ra3 Bg5 29. b4 axb4 30. cxb4 Qe7 31. h4 Bxe3 32. Qxe3 c5 33. bxc5 Qxc5 34. Qxc5 bxc5 35. Ree3 Ra7 36. Rec3 Ra5 37. Ne3 Rd4 38. Nc4 Ra7 39. f3 f6 40.
a5 Ne7 41. a6 Nc6 42. Nb6 Nb4 43. Rxc5 Rxa6 44. Rc7+ Kg8 45. Rxa6 Nxa6 46. Ra7 Nb4 47. Nd7 Rd6 48. h5 gxh5 49. Kh3 Nc6 50. Rb7 Nd8 51. Ra7 Nc6 52. Rc7 Nd4 53. Kh4 Nxf3+ 54.
Kxh5 Nd2 55. Kg6 f5+ 56. Kxf5 Nf3 57. Nf6+ Kf8 58. Kg6 1-0